 Dungeon Crawl Stone Soup version 0.28.0-53-g5a82cb258f (webtiles) character file.

Game seed: 14352819960764150741

149 Peloso the Covered (level 5, -2/46 HPs)
             Began as a Minotaur Fighter on Aug 20, 2022.
             Slain by Natasha (5 damage)
             ... on level 4 of the Dungeon.
             The game lasted 00:04:19 (2551 turns).

Peloso the Covered (Minotaur Fighter)               Turns: 2551, Time: 00:04:19

Health: -2/46      AC:  7    Str: 20    XL:     5   Next: 9%
Magic:  4/4        EV:  9    Int:  5    God:
Gold:   64         SH:  5    Dex: 12    Spells: 4/4 levels left

rFire   . . .      SeeInvis .   a - +1 long sword
rCold   . . .      Faith    .   c - +0 buckler
rNeg    . . .      Spirit   .   b - +0 scale mail
rPois   .          Reflect  .   (helmet restricted)
rElec   .          Harm     .   (no cloak)
rCorr   .          Rampage  .   (no gloves)
Will    .....                   (no boots)
Stlth   ..........              (no amulet)
HPRegen 0.15/turn               (no ring)
MPRegen 0.09/turn               (no ring)

@: mighty
A: horns 2, retaliatory headbutt
a: no special abilities


You were on level 4 of the Dungeon.
You visited 1 branch of the dungeon, and saw 4 of its levels.

You collected 64 gold pieces.

Inventory:

Hand Weapons
 a - a +1 long sword (weapon)
Armour
 b - a +0 scale mail (worn)
 c - a +0 buckler (worn)
Jewellery
 e - an amulet of faith
Scrolls
 h - a scroll of teleportation
 m - a scroll of summoning {unknown}
Potions
 f - 2 potions of cancellation
 g - 3 potions of curing
 i - a potion of resistance {unknown}
 j - 2 potions of magic {unknown}
 k - a potion of brilliance {unknown}
 l - a potion of ambrosia {unknown}


   Skills:
 + Level 4.1 Fighting
 + Level 4.1 Long Blades
 + Level 5.0 Armour
 + Level 0.2 Dodging
 + Level 4.5 Shields


You had 4 spell levels left.
You didn't know any spells.
Your spell library contained the following spells:

 Spells                   Type           Power      Damage    Failure   Level
 Static Discharge         Conj/Air       0%         N/A       96%         2
 Fireball                 Conj/Fire      0%         3d3       100%        5
 Conjure Ball Lightning   Conj/Air       0%         3x3d6     100%        6
 Discord                  Hex            0%         N/A       100%        8
 Disjunction              Tloc           0%         N/A       100%        8
 Chain Lightning          Conj/Air       0%         N/A       100%        9


Dungeon Overview and Level Annotations

Branches:
Dungeon (4/15)
 Temple: D:4-7

Altars:
Dithmenos
Qazlal

Shops:
D:1 *

Annotations:
D:2 Sigmund
D:4 1 runed translucent door, Natasha; NineInchNils's ghost, amateur OpBr


Innate Abilities, Weirdness & Mutations

You have a pair of horns on your head.
You reflexively headbutt those who attack you in melee.


Message History

The centaur unwields a +2 flail of protection.
The centaur wields a +0 shortbow.
The centaur shoots an arrow.
The arrow closely misses you.
The centaur shoots an arrow.
The arrow hits you!
The centaur shoots an arrow.
You block the arrow.
You hear an angry hiss.
Natasha, Servant of Life and Death comes into view.
The centaur shoots an arrow.
The arrow hits you but does no damage.
The centaur shoots an arrow.
The arrow hits you.
The centaur drinks a potion.
The centaur seems to grow stronger.
The centaur unwields a +0 shortbow.
The centaur wields a +2 flail of protection.
The centaur barely misses you.
The centaur kicks you but does no damage.
Natasha casts a spell.
You slash the centaur!
The centaur is moderately wounded.
The centaur barely misses you.
The centaur kicks you but does no damage.
The centaur misses you. You furiously retaliate!
You headbutt the centaur, but do no damage.
The centaur kicks you but does no damage.
You hit the centaur but do no damage.
The centaur is moderately wounded.
The centaur hits you with a +2 flail of protection!
You block the centaur's attack.
Natasha wildly gestures.
Natasha glows brightly for a moment.
Natasha claws you.
The centaur hits you with a +2 flail of protection!
The centaur kicks you but does no damage.
You barely miss the centaur.
The centaur is moderately wounded.
The centaur hits you with a +2 flail of protection.
* * * LOW HITPOINT WARNING * * *
The centaur barely misses you. Natasha claws you but does no damage.
The centaur hits you with a +2 flail of protection!
* * * LOW HITPOINT WARNING * * *
The centaur kicks you but does no damage.
Natasha claws you.
You die...

'..........
#..........
#.......... .
##............
#.=..........
#.=........#
##....##...#
#....##...#
########....@c5..#
#.....+......h...'..
#.....#..........#..
#.....#..........# .
#....##....##...#
..##....##....##...#
..'......#.....#...#
#......'.....#....
#####.....#.....'..


You could see a centaur (strong), an iron imp (summoned) and Natasha.

Vanquished Creatures
  Natasha (D:4)
  3 adders
  4 gnolls (D:2)
  A worm (D:2)
  3 dart slugs
  7 endoplasms
  A giant cockroach (D:1)
  6 goblins
  6 hobgoblins
  7 kobolds
  2 ball pythons
  4 bats
  2 frilled lizards
  3 rats (D:1)
50 creatures vanquished.

Vanquished Creatures (others)
  A plant (D:3)
1 creature vanquished.

Grand Total: 51 creatures vanquished

Notes
Turn   | Place    | Note
-------+----------+-------------------------------------------
     0 | D:1      | Peloso the Minotaur Fighter began the quest for the Orb.
     0 | D:1      | Reached XP level 1. HP: 19/19 MP: 0/0
   203 | D:1      | Reached XP level 2. HP: 27/27 MP: 1/1
   310 | D:1      | Found Rauxtuni's Assorted Antiques.
   318 | D:1      | Reached skill level 4 in Armour
   350 | D:1      | You fall into a shaft and drop 1 floor!
   350 | D:2      | Found a shadowy altar of Dithmenos.
   452 | D:2      | Reached XP level 3. HP: 20/33 MP: 2/2
   722 | D:2      | Noticed Sigmund
  1306 | D:2      | Got the Reference Book on Hurtful Fire
  1317 | D:2      | Found a faded altar of an unknown god.
  1517 | D:2      | Reached XP level 4. HP: 39/40 MP: 3/3
  2448 | D:4      | Noticed Natasha
  2452 | D:4      | Killed Natasha
  2453 | D:4      | Reached XP level 5. HP: 43/46 MP: 4/4
  2491 | D:4      | Found a stormy altar of Qazlal.
  2492 | D:4      | Found a runed translucent gate.
  2496 | D:4      | Identified the +0 dagger "Zioker" {drain, rF++ Str+3}
  2496 | D:4      | Noticed NineInchNils's ghost (amateur OpBr)
  2531 | D:4      | Reached skill level 5 in Armour
  2542 | D:4      | Noticed a centaur
  2546 | D:4      | Noticed Natasha
  2551 | D:4      | Slain by Natasha

Illustrated notes

Levels and vault maps discovered:
D:1:      minmay_arrival_cross, layout_basic, serial_shops,
          nicolae_shop_advertising_works [nicolae_subvault_shop_adworks],
          serial_rivers, chequers_serial_rivers_micro_e,
          chequers_serial_rivers_micro_a, chequers_serial_rivers_small_3,
          chequers_serial_rivers_micro_d, chequers_serial_rivers_room_b,
          chequers_serial_rivers_large_b
D:2:      layout_rooms, basic_altar, hellmonk_ecumenical_altar_heavens_door,
          uniq_sigmund
D:3:      layout_basic, grunt_decor_cap, corexii_shack
D:4:      layout_gridville, lemuel_crystal_altar, biasface_ghost_orc_armoury,
          hangedman_decor_slide_cut, uniq_eustachio, uniq_natasha

Skill      XL: |  1  2  3  4  5 |
---------------+----------------+-----
Armour         | 4 5 |  5.0
Shields        | 4 |  4.5
Fighting       | 4 |  4.1
Long Blades    | 3 4 |  4.1
Dodging        | |  0.2

Action                   |  1- 3 |  4- 6 || total
-------------------------+-------+-------++-------
Melee: Long sword        |    80 |    31 ||   111
       Headbutt          |    13 |     6 ||    19
  Use: Scroll            |     3 |     2 ||     5
       Potion            |       |     1 ||     1
Armor: Scale mail        |    38 |    17 ||    55
Dodge: Dodged            |    33 |    19 ||    52
Block: Buckler           |    21 |     8 ||    29
